 Dungeon Crawl Stone Soup version 0.31-a0-188-g5e087ee2ca (webtiles) character file.

Game seed: 13532345584157000352

26 qw the Shooter (level 2, -2/16 HPs)
             Began as a Deep Elf Hunter on June 23, 2023.
             Slain by an ice beast (4 damage)
             ... on level 4 of the Dungeon.
             The game lasted 00:00:17 (781 turns).

qw the Shooter (Deep Elf Hunter)                     Turns: 781, Time: 00:00:17

Health: -2/16      AC:  5    Str:  8    XL:     2   Next: 89%
Magic:  4/4        EV: 10    Int: 13    God:
Gold:   10         SH:  0    Dex: 18    Spells: 1/1 levels left

rFire   . . .        Y - +0 shortbow
rCold   + . .        (shield currently unavailable)
rNeg    . . .        j - +0 ring mail
rPois   +            (no helmet)
rElec   .            (no cloak)
rCorr   .            (no gloves)
SInv    .            (no boots)
Will    .....        (no amulet)
Stlth   +            d - ring of protection from cold
HPRegen 0.22/turn    i - ring of poison resistance
MPRegen 0.09/turn

%: no passive effects
@: no status effects
A: no striking features
a: no special abilities


You were on level 4 of the Dungeon.
You visited 1 branch of the dungeon, and saw 3 of its levels.

You collected 60 gold pieces.
You spent 50 gold pieces at shops.


   Skills:
 - Level 1.5 Fighting
 + Level 6.6 Ranged Weapons
 - Level 2.4 Dodging
 - Level 1.2 Stealth


You had one spell level left.
You didn't know any spells.
Your spell library was empty.

Inventory:

Hand Weapons
 Y - a +0 shortbow (weapon)
Armour
 j - a +0 ring mail (worn)
Jewellery
 d - a ring of protection from cold (left hand)
 i - a ring of poison resistance (right hand)
Scrolls
 a - a scroll of identify {unknown}
Potions
 f - a potion of curing
 g - a potion of enlightenment
 h - a potion of cancellation {unknown}
 k - a potion of might {unknown}

Dungeon Overview and Level Annotations

Branches:
Dungeon (4/15)
 Temple: D:4-7

Altars:

Shops:
D:1 *:


Message History

There is an open door here.
You shoot an arrow.
The arrow hits the ice beast but does no damage.
You shoot an arrow. The arrow hits the ice beast.
The ice beast is lightly wounded.
You shoot an arrow. The arrow barely misses the ice beast.
You shoot an arrow. The arrow closely misses the ice beast.
The ice beast barely misses you.
The ice beast hits you but does no damage.
You shoot an arrow.
The arrow hits the ice beast but does no damage.
The ice beast is lightly wounded.
The ice beast hits you but does no damage.
You shoot an arrow.
The arrow hits the ice beast but does no damage.
The ice beast is lightly wounded.
The ice beast hits you but does no damage.
You shoot an arrow.
The arrow hits the ice beast but does no damage.
The ice beast is lightly wounded.
The ice beast closely misses you.
You shoot an arrow. The arrow hits the ice beast!
The ice beast is heavily wounded.
The ice beast barely misses you. x2
You shoot an arrow.
The arrow hits the ice beast but does no damage.
The ice beast is heavily wounded.
The ice beast hits you. The ice beast freezes you. You resist.
You shoot an arrow.
The arrow hits the ice beast but does no damage.
The ice beast is heavily wounded.
The ice beast hits you but does no damage.
You shoot an arrow. The arrow hits the ice beast.
The ice beast is severely wounded.
The ice beast hits you. The ice beast freezes you. You resist.
You shoot an arrow.
The arrow hits the ice beast but does no damage.
The ice beast is severely wounded.
The ice beast hits you. The ice beast freezes you. You resist.
You die...

.##......## .##.####..#
.##.#.##..# .##.#.....#
# .##.#.#.###. .##
..#.#.#.##... ...#
#.#.#.#.#.....#####.....
#.#.#.#.# #.....Y...#
#...#.#.# #@# %...#...#
#.# #.....##########'###
#..>..###.:........#
#..................#
#....#.............#
#....#.............#
#....#...#'#########
###+##...#.#


You could see an ice beast.

Vanquished Creatures
  An adder (D:4)
  4 bats (D:1)
  An endoplasm (D:1)
  3 giant cockroaches (D:1)
  A goblin (D:1)
  2 hobgoblins
  A ball python (D:1)
  A frilled lizard (D:1)
  A kobold (D:1)
  3 rats (D:1)
18 creatures vanquished.

Notes
Turn   | Place    | Note
-------+----------+-------------------------------------------
     0 | D:1      | qw the Deep Elf Hunter began the quest for the Orb.
     0 | D:1      | Reached XP level 1. HP: 12/12 MP: 3/3
     0 | D:1      | 0 ||| qw: Version: 0.3-a-9-g12657ce
     0 | D:1      | 0 ||| qw: Game counter: 3945
     0 | D:1      | 0 ||| qw: Always use a shield: true
     0 | D:1      | 0 ||| qw: God list: Okawaru
     0 | D:1      | 0 ||| qw: Allow faded altars: false
     0 | D:1      | 0 ||| qw: Do Orc after D:15 true
     0 | D:1      | 0 ||| qw: Do second Lair branch before Depths: true
     0 | D:1      | 0 ||| qw: Lair rune preference: random
     0 | D:1      | 0 ||| qw: Plans: Normal
     0 | D:1      | 0 ||| PLANNING D:1-11
    84 | D:1      | Found Lucvuuch's Book Emporium.
   252 | D:1      | Reached XP level 2. HP: 16/16 MP: 4/4
   288 | D:1      | Reached skill level 6 in Ranged Weapons
   382 | D:1      | Found Hiel's Assorted Antiques.
   388 | D:1      | 388 ||| SHOPLISTING +8 storm bow {elec, penet} (1769 gold,
                  | have 60).
   388 | D:1      | 388 ||| SHOPLISTING embroidered hat (196 gold, have 60).
   388 | D:1      | 388 ||| BUYING grey potion (25 gold).
   388 | D:1      | Bought a grey potion for 25 gold pieces
   388 | D:1      | 388 ||| SHOPLISTING helmet (126 gold, have 35).
   388 | D:1      | 388 ||| BUYING purple potion (25 gold).
   388 | D:1      | Bought a purple potion for 25 gold pieces
   388 | D:1      | 388 ||| SHOPLISTING runed sling (126 gold, have 10).
   388 | D:1      | 388 ||| SHOPLISTING scroll labelled SACESI BOUFFOKK (28
                  | gold, have 10).
   388 | D:1      | 388 ||| SHOPLISTING scroll labelled TUROURCH EMAO (28 gold,
                  | have 10).
   388 | D:1      | 388 ||| SHOPLISTING scroll labelled VUROUR FOUCAFY (28
                  | gold, have 10).
   577 | D:1      | 577 ||| UPGRADING to +0 ring mail.
   587 | D:1      | 587 ||| DROPPING +0 leather armour.
   588 | D:1      | 588 ||| UPGRADING to ring of protection from cold.
   589 | D:1      | 589 ||| UPGRADING to ring of poison resistance.
   590 | D:1      | 590 ||| READING scroll labelled MUUSHERGH FENYWN.
   591 | D:1      | 591 ||| DRINKING 2 grey potions.
   592 | D:1      | 592 ||| DRINKING 2 brown potions.
   593 | D:1      | 593 ||| DROPPING scroll of butterflies.
   597 | D:2      | You are sucked into a shaft and drop 2 floors!
   769 | D:4      | Noticed an ice beast
   780 | D:4      | HP: 4/16 [ice beast (6)]
   781 | D:4      | Slain by an ice beast

Levels and vault maps discovered:
D:1:      beargit_arrival_greenhouse, layout_loops_ring, serial_shops, shop,
          shop, serial_park_tiny_1
D:2:      layout_basic, serial_shops, shop, minmay_misc_feat_diagonals,
          kennysheep_generic_room_5
D:4:      minmay_octagon_keep, layout_basic,
          nicolae_wu_jian_immortal_techniques, minmay_temple_entry_stoned_glass

Skill      XL: |  1  2 |
---------------+-------+-----
Ranged Weapons | 6 |  6.6
Fighting       | |  1.5
Dodging        | |  2.4
Stealth        | |  1.2

Action                     || total
---------------------------++-------
   Fire: Shortbow          ||    60
    Use: Potion            ||     2
         Scroll            ||     1
 Armour: Leather armour    ||     7
         Ring mail         ||     7
  Dodge: Dodged            ||    11

Table legend:
 A = Non-vault XP
 B = Vault XP
 C = Vault XP percentage of total XP
 D = Non-vault monster count
 E = Vault monster count
 F = Vault count percentage of total count
                 A         B        C        D         E       F
            +---------+---------+-------+---------+---------+-------
      Total |      38 |       0 |   0.0 |      18 |       0 |   0.0
            +---------+---------+-------+---------+---------+-------
        D:1 |      23 |       0 |   0.0 |      16 |       0 |   0.0
        D:4 |      15 |       0 |   0.0 |       2 |       0 |   0.0
            +---------+---------+-------+---------+---------+-------
